General information
- name: BNet
- type: Ladder team game (AT/RT)
- host: Battle.net
- saver: BEAR_AND
map: Monsoon
- players: 6
- length: 40:57
- speed: Fast
- version: 1.21 W3XP
- replay type:

» download(257 KB)
Players
team 1 (winner)
BEAR_AND (
yellow | 85 APM | 3485 actions | 40:57)
9 Blademaster
3 Wind Walk
3 Critical Strike
1 Bladestorm
2 Mirror Image
» actions
| Assign group hotkey | 4 | |
| Basic commands | 4 | |
| Build / train | 88 | |
| Enter build submenu | 88 | |
| Enter hero's abilities submenu | 10 | |
| Give item / drop item | 22 | |
| Right click | 2251 | |
| Select / deselect | 280 | |
| Select group hotkey | 447 | |
| Use ability | 290 | |
3485 total
» units
» upgrades
| Spiked Barricades | 1 | |
| Ranged Weapons | 3 | |
| Liquid Fire | 1 | |
| Armor | 3 | |
| Reinforced Defenses | 1 | |
9 total
» buildings
| War Mill | 1 | |
| Altar of Storms | 1 | |
| Orc Burrow | 3 | |
| Watch Tower | 94 | |
| Voodoo Lounge | 1 | |
| Stronghold | 1 | |
| Fortress | 1 | |
| Great Hall | 1 | |
| Beastiary | 2 | |
105 total
» build order
00:12 War Mill
00:17 Altar of Storms
00:20 Orc Burrow
01:25 Watch Tower
01:55 Watch Tower
02:06 Watch Tower
02:28 Watch Tower
02:32 Watch Tower
02:35 Watch Tower
02:46 Watch Tower
02:54 Orc Burrow
03:19 Voodoo Lounge
03:35 Watch Tower
03:44 Watch Tower
03:49 Watch Tower
04:03 Watch Tower
04:39 Watch Tower
04:49 Watch Tower
05:15 Stronghold
05:19 Watch Tower
05:24 Watch Tower
05:47 Watch Tower
05:59 Watch Tower
06:19 Watch Tower
06:23 Watch Tower
06:46 Watch Tower
06:58 Watch Tower
07:31 Watch Tower
07:41 Watch Tower
07:43 Watch Tower
07:44 Watch Tower
07:44 Watch Tower
07:49 Watch Tower
08:02 Watch Tower
08:31 Watch Tower
08:36 Fortress
09:09 Great Hall
09:48 Watch Tower
09:50 Watch Tower
09:54 Watch Tower
09:56 Watch Tower
09:57 Watch Tower
10:00 Watch Tower
10:12 Beastiary
11:21 Watch Tower
11:23 Watch Tower
11:30 Beastiary
12:26 Watch Tower
12:31 Orc Burrow
12:37 Watch Tower
12:43 Watch Tower
13:59 Watch Tower
14:03 Watch Tower
14:05 Watch Tower
14:13 Watch Tower
14:18 Watch Tower
15:32 Watch Tower
15:39 Watch Tower
15:46 Watch Tower
15:47 Watch Tower
16:42 Watch Tower
16:52 Watch Tower
16:54 Watch Tower
16:54 Watch Tower
17:06 Watch Tower
17:10 Watch Tower
18:07 Watch Tower
19:06 Watch Tower
20:21 Watch Tower
20:22 Watch Tower
20:25 Watch Tower
20:40 Watch Tower
21:27 Watch Tower
27:37 Watch Tower
27:39 Watch Tower
27:39 Watch Tower
28:00 Watch Tower
28:02 Watch Tower
28:04 Watch Tower
28:04 Watch Tower
28:10 Watch Tower
28:11 Watch Tower
28:12 Watch Tower
31:07 Watch Tower
31:39 Watch Tower
31:45 Watch Tower
31:46 Watch Tower
31:47 Watch Tower
33:43 Watch Tower
33:44 Watch Tower
33:45 Watch Tower
33:46 Watch Tower
33:47 Watch Tower
33:48 Watch Tower
33:50 Watch Tower
33:50 Watch Tower
33:51 Watch Tower
35:36 Watch Tower
35:37 Watch Tower
35:38 Watch Tower
35:46 Watch Tower
35:47 Watch Tower
35:47 Watch Tower
39:57 Watch Tower
40:30 Watch Tower
» items
| Lesser Clarity Potion | 15 | |
| Healing Salve | 6 | |
| Boots of Speed | 1 | |
| Staff of Teleportation | 1 | |
| Orb of Lightning | 1 | |
| Scroll of Town Portal | 2 | |
| Potion of Mana | 2 | |
28 total
Iceberg-Slim (
purple | 91 APM | 3708 actions | 40:55)
6 Warden
3 Shadow Strike
3 Blink
4 Naga Sea Witch
2 Frost Arrows
2 Forked Lightning
3 Pit Lord
2 Rain of Fire
1 Cleaving Attack
» actions
| Assign group hotkey | 18 | |
| Basic commands | 162 | |
| Build / train | 86 | |
| ESC pressed | 4 | |
| Enter build submenu | 21 | |
| Enter hero's abilities submenu | 13 | |
| Give item / drop item | 3 | |
| Right click | 1797 | |
| Select / deselect | 670 | |
| Select group hotkey | 764 | |
| Use ability | 169 | |
3708 total
» units
» upgrades
| Well Spring | 1 | |
| Ultravision | 1 | |
| Strength of the Wild | 2 | |
| Reinforced Hides | 3 | |
| Nature's Blessing | 1 | |
| Corrosive Breath | 1 | |
9 total
» buildings
| Altar of Elders | 1 | |
| Moon Well | 10 | |
| Tree of Ages | 1 | |
| Hunter's Hall | 1 | |
| Tree of Life | 4 | |
| Tree of Eternity | 1 | |
| Ancient of Wind | 1 | |
| Ancient Protector | 1 | |
| Ancient of Wonders | 1 | |
| Chimaera Roost | 2 | |
23 total
» build order
00:06 Altar of Elders
00:27 Moon Well
01:12 Moon Well
03:43 Tree of Ages
03:49 Hunter's Hall
05:23 Moon Well
06:19 Tree of Life
06:57 Tree of Eternity
07:01 Ancient of Wind
08:15 Ancient Protector
08:41 Ancient of Wonders
09:16 Tree of Life
09:35 Tree of Life
09:55 Moon Well
10:41 Chimaera Roost
11:47 Chimaera Roost
14:14 Moon Well
14:16 Moon Well
16:28 Moon Well
19:11 Moon Well
21:58 Tree of Life
32:16 Moon Well
34:07 Moon Well
» items
| Boots of Speed | 3 | |
| Staff of Teleportation | 3 | |
| Dust of Appearance | 1 | |
| Orb of Venom | 2 | |
| Staff of Preservation | 2 | |
| Periapt of Vitality | 1 | |
| Circlet of Nobility | 1 | |
| Scroll of Town Portal | 3 | |
16 total
TIMG4STRok (
pink | 73 APM | 2996 actions | 40:55)
5 Archmage
2 Brilliance Aura
3 Blizzard
4 Pandaren Brewmaster
2 Breath of Fire
2 Drunken Haze
» actions
| Assign group hotkey | 11 | |
| Basic commands | 59 | |
| Build / train | 108 | |
| ESC pressed | 4 | |
| Enter build submenu | 77 | |
| Enter hero's abilities submenu | 9 | |
| Give item / drop item | 8 | |
| Right click | 1480 | |
| Select / deselect | 348 | |
| Select group hotkey | 651 | |
| Use ability | 238 | |
2996 total
» units
| Peasant | 34 | |
| Dragonhawk Rider | 9 | |
43 total
» upgrades
| Masonry | 3 | |
| Magic Sentry | 1 | |
| Armor | 3 | |
| Lumber Harvesting | 2 | |
| Cloud | 1 | |
| Swords | 3 | |
| Animal War Training | 1 | |
14 total
» buildings
| Lumber Mill | 2 | |
| Altar of Kings | 2 | |
| Farm | 12 | |
| Scout Tower | 46 | |
| Arcane Tower | 4 | |
| Guard Tower | 23 | |
| Arcane Vault | 6 | |
| Town Hall | 4 | |
| Keep | 3 | |
| Arcane Sanctum | 1 | |
| Blacksmith | 1 | |
| Gryphon Aviary | 3 | |
| Castle | 2 | |
| Barracks | 1 | |
| Workshop | 1 | |
111 total
» build order
00:18 Lumber Mill
00:32 Altar of Kings
00:37 Farm
01:13 Scout Tower
01:18 Farm
01:27 Scout Tower
01:49 Arcane Tower
02:06 Arcane Tower
02:11 Scout Tower
02:22 Scout Tower
02:41 Guard Tower
02:42 Scout Tower
02:50 Guard Tower
02:50 Guard Tower
02:53 Scout Tower
03:22 Arcane Vault
03:25 Scout Tower
03:39 Guard Tower
04:27 Arcane Vault
04:29 Scout Tower
04:36 Scout Tower
05:11 Guard Tower
05:15 Arcane Vault
05:56 Scout Tower
06:01 Scout Tower
06:03 Scout Tower
06:40 Guard Tower
06:41 Scout Tower
06:42 Scout Tower
06:43 Scout Tower
06:50 Guard Tower
06:52 Guard Tower
06:52 Guard Tower
07:16 Guard Tower
07:39 Guard Tower
08:06 Arcane Vault
08:07 Guard Tower
09:09 Town Hall
09:25 Scout Tower
09:29 Keep
09:31 Scout Tower
09:32 Scout Tower
09:59 Guard Tower
10:02 Scout Tower
10:03 Scout Tower
10:07 Arcane Tower
10:42 Guard Tower
10:54 Guard Tower
11:26 Guard Tower
11:33 Scout Tower
11:34 Scout Tower
11:56 Arcane Sanctum
12:36 Arcane Tower
12:45 Scout Tower
12:46 Scout Tower
12:47 Blacksmith
13:46 Guard Tower
14:29 Guard Tower
14:44 Scout Tower
14:59 Arcane Vault
15:02 Scout Tower
15:10 Gryphon Aviary
15:11 Gryphon Aviary
15:21 Lumber Mill
15:28 Castle
15:32 Barracks
15:36 Guard Tower
15:39 Guard Tower
17:15 Town Hall
17:31 Scout Tower
17:31 Scout Tower
17:32 Scout Tower
17:33 Scout Tower
17:33 Scout Tower
17:34 Scout Tower
17:35 Scout Tower
17:36 Scout Tower
17:38 Scout Tower
17:39 Scout Tower
17:40 Scout Tower
17:40 Scout Tower
17:41 Scout Tower
17:42 Scout Tower
18:28 Guard Tower
19:05 Farm
19:06 Farm
19:07 Farm
19:08 Farm
19:12 Farm
19:14 Farm
21:36 Guard Tower
23:54 Gryphon Aviary
23:56 Workshop
24:37 Altar of Kings
26:15 Farm
26:16 Farm
26:17 Farm
26:17 Farm
27:00 Keep
28:51 Town Hall
28:59 Town Hall
35:07 Arcane Vault
36:43 Castle
40:43 Scout Tower
40:44 Scout Tower
40:45 Scout Tower
40:46 Scout Tower
40:46 Scout Tower
40:47 Scout Tower
» items
| Staff of Teleportation | 2 | |
| Boots of Speed | 1 | |
| Staff of Sanctuary | 2 | |
| Orb of Lightning | 2 | |
| Scroll of Town Portal | 1 | |
8 total
team 2 (loser)
GoBackToBadtown (
green | 58 APM | 2376 actions | 40:48)
9 Death Knight
3 Death Coil
3 Unholy Aura
1 Animate Dead
2 Death Pact
» actions
| Assign group hotkey | 32 | |
| Basic commands | 170 | |
| Build / train | 100 | |
| Enter build submenu | 25 | |
| Enter hero's abilities submenu | 9 | |
| Give item / drop item | 1 | |
| Remove unit from queue | 1 | |
| Right click | 862 | |
| Select / deselect | 635 | |
| Select group hotkey | 448 | |
| Use ability | 91 | |
2376 total
» units
| Acolyte | 14 | |
| Ghoul | 15 | |
| Meatwagon | 3 | |
| Necromancer | 5 | |
| Obsidian Statue | 6 | |
| Gargoyle | 9 | |
| Frost Wyrm | 8 | |
| Crypt Fiend | 3 | |
63 total
» upgrades
| Exhume Corpses | 1 | |
| Necromancer Training | 1 | |
| Skeletal Longevity | 1 | |
| Unholy Strength | 1 | |
| Creature Attack | 3 | |
| Creature Carapace | 3 | |
| Destroyer Form | 1 | |
| Freezing Breath | 1 | |
| Web | 1 | |
| Stone Form | 1 | |
| Backpack | 1 | |
15 total
» buildings
| Crypt | 2 | |
| Ziggurat | 9 | |
| Altar of Darkness | 1 | |
| Tomb of Relics | 1 | |
| Nerubian Tower | 1 | |
| Halls of the Dead | 1 | |
| Graveyard | 1 | |
| Temple of the Damned | 1 | |
| Slaughterhouse | 1 | |
| Sacrificial Pit | 1 | |
| Black Citadel | 1 | |
| Boneyard | 2 | |
22 total
» build order
00:08 Crypt
00:11 Ziggurat
00:30 Ziggurat
00:57 Altar of Darkness
01:44 Tomb of Relics
01:49 Nerubian Tower
02:18 Ziggurat
03:38 Halls of the Dead
05:14 Crypt
05:20 Ziggurat
06:04 Graveyard
07:43 Temple of the Damned
07:44 Slaughterhouse
08:43 Sacrificial Pit
10:00 Ziggurat
10:01 Ziggurat
10:02 Ziggurat
11:05 Black Citadel
14:29 Boneyard
14:33 Boneyard
15:23 Ziggurat
15:24 Ziggurat
» items
| Dust of Appearance | 3 | |
| Orb of Corruption | 1 | |
| Potion of Healing | 2 | |
| Scroll of Town Portal | 2 | |
8 total

»
IgOtWaTcHuNeEd (
red | 28 APM | 1164 actions | 40:52)
2 Blademaster
1 Wind Walk
1 Critical Strike
2 Shadow Hunter
1 Healing Wave
1 Serpent Ward
» actions
| Assign group hotkey | 15 | |
| Basic commands | 6 | |
| Build / train | 70 | |
| Enter build submenu | 30 | |
| Enter hero's abilities submenu | 4 | |
| Give item / drop item | 4 | |
| Remove unit from queue | 6 | |
| Right click | 494 | |
| Select / deselect | 342 | |
| Select group hotkey | 102 | |
| Use ability | 91 | |
1164 total
» units
| Peon | 16 | |
| Grunt | 3 | |
| Demolisher | 8 | |
| Troll Batrider | 11 | |
| Troll Headhunter/Berserker | 11 | |
| Shaman | 2 | |
51 total
» upgrades
| Burning Oil | 1 | |
| Berserker Strength | 1 | |
| Liquid Fire | 1 | |
| Troll Regeneration | 1 | |
| Berserker Upgrade | 1 | |
| Shaman Training | 1 | |
6 total
» buildings
| Orc Burrow | 15 | |
| Altar of Storms | 1 | |
| Barracks | 2 | |
| War Mill | 1 | |
| Stronghold | 1 | |
| Voodoo Lounge | 1 | |
| Fortress | 1 | |
| Beastiary | 1 | |
| Great Hall | 1 | |
| Spirit Lodge | 1 | |
25 total
» build order
00:09 Orc Burrow
00:22 Altar of Storms
00:41 Barracks
02:01 Orc Burrow
02:54 Orc Burrow
03:03 Orc Burrow
04:01 War Mill
04:07 Orc Burrow
04:24 Stronghold
05:04 Voodoo Lounge
06:42 Orc Burrow
07:07 Fortress
07:15 Beastiary
08:21 Orc Burrow
09:26 Orc Burrow
10:20 Orc Burrow
13:00 Barracks
14:43 Orc Burrow
16:11 Great Hall
18:49 Spirit Lodge
30:06 Orc Burrow
30:11 Orc Burrow
33:59 Orc Burrow
34:03 Orc Burrow
34:15 Orc Burrow
» items
Pac.dan. (
teal | 58 APM | 2376 actions | 40:54)
5 Blademaster
3 Wind Walk
2 Critical Strike
» actions
| Assign group hotkey | 24 | |
| Basic commands | 130 | |
| Build / train | 89 | |
| Enter build submenu | 24 | |
| Enter hero's abilities submenu | 5 | |
| Remove unit from queue | 1 | |
| Right click | 1167 | |
| Select / deselect | 429 | |
| Select group hotkey | 389 | |
| Use ability | 118 | |
2376 total
» units
| Peon | 12 | |
| Grunt | 6 | |
| Raider | 20 | |
| Demolisher | 4 | |
| Troll Batrider | 16 | |
| Tauren | 2 | |
60 total
» upgrades
| Pillage | 1 | |
| Shaman Training | 1 | |
| Ensnare | 1 | |
| Melee Weapons | 2 | |
| Armor | 2 | |
| Liquid Fire | 1 | |
8 total
» buildings
| Altar of Storms | 1 | |
| Orc Burrow | 8 | |
| Barracks | 1 | |
| Voodoo Lounge | 1 | |
| War Mill | 2 | |
| Stronghold | 1 | |
| Beastiary | 4 | |
| Spirit Lodge | 1 | |
| Fortress | 1 | |
| Tauren Totem | 1 | |
| Great Hall | 1 | |
22 total
» build order
00:04 Altar of Storms
00:20 Orc Burrow
00:54 Barracks
01:25 Voodoo Lounge
01:51 Orc Burrow
02:49 War Mill
03:52 Stronghold
03:57 War Mill
04:04 Orc Burrow
06:14 Orc Burrow
06:30 Beastiary
07:30 Spirit Lodge
07:44 Fortress
09:51 Orc Burrow
11:30 Orc Burrow
12:57 Tauren Totem
14:45 Beastiary
19:53 Orc Burrow
20:47 Orc Burrow
26:38 Beastiary
27:33 Beastiary
29:50 Great Hall
» items
| Lesser Clarity Potion | 7 | |
| Healing Salve | 2 | |
| Orb of Lightning | 1 | |
| Scroll of Town Portal | 2 | |
12 total
Chat log
(03:12 / All) TIMG4STRok: WELCOME TO MY hompy suck on MY DICK!
(05:36 / All) IgOtWaTcHuNeEd: wow i think i played u fags before
(05:39 / All) BEAR_AND: really
(05:40 / All) BEAR_AND: what map
(05:47 / All) IgOtWaTcHuNeEd: same maop
(06:03 / All) IgOtWaTcHuNeEd: took 1.5 hours
(06:05 / All) IgOtWaTcHuNeEd: but i won
(06:09 / All) BEAR_AND: oh then u didn't
(06:12 / All) BEAR_AND: we never lose sorry
(06:20 / All) IgOtWaTcHuNeEd: well the fags did the same thing
(06:27 / All) TIMG4STRok: you noobs killed what, 1 worker in my base?
(06:27 / All) GoBackToBadtown: proest level 1 team ever
(06:30 / All) BEAR_AND: we inspire a lot of noobs to try our strats
(06:32 / All) TIMG4STRok: and lost 10 ghouls and 2 tp
(06:36 / All) BEAR_AND: by our replay site http://highper.ch/
(06:40 / All) BEAR_AND: see all "official
(08:48 / All) TIMG4STRok: NOOB
(09:55 / All) TIMG4STRok: COMING? BACK LOL
(11:05 / All) TIMG4STRok: noob go home oh wait trapped
(12:30 / All) TIMG4STRok: LOL fail
(12:33 / All) TIMG4STRok: epic Phail
(12:38 / All) IgOtWaTcHuNeEd: u think?
(13:25 / All) TIMG4STRok: SOOOoOoo bad
(14:03 / All) IgOtWaTcHuNeEd: u faggots are so gay
(14:07 / All) BEAR_AND: quit now
(14:09 / All) BEAR_AND: thanks
(14:19 / All) IgOtWaTcHuNeEd: learn to play
(14:22 / All) IgOtWaTcHuNeEd: the real way
(14:31 / All) IgOtWaTcHuNeEd: instead of this faggotry
(20:08 / All) BEAR_AND: nice teal
(20:09 / All) BEAR_AND: nice
(22:32 / All) BEAR_AND: nice fucking TIER ONE ARMY RED
(23:01 / All) IgOtWaTcHuNeEd: wow
(23:27 / All) IgOtWaTcHuNeEd: jesus christ u guys are faggots
(25:04 / All) GoBackToBadtown: gj
(27:14 / All) BEAR_AND: jesus christ you guys are swinge
(27:19 / All) BEAR_AND: horrid & AWFUL
(27:22 / All) TIMG4STRok: Begone filth scum trash muck
(27:25 / All) GoBackToBadtown: NOWAI
(27:31 / All) BEAR_AND: never play again; "uninstall"
(27:38 / All) GoBackToBadtown: suck it
(27:40 / All) TIMG4STRok: go back to unisntall town roflmfao
(27:49 / All) GoBackToBadtown: thats clever
(27:51 / All) TIMG4STRok: only thing iu suck is dick and thats for coke
(28:59 / All) IgOtWaTcHuNeEd: this is the most pointless game ever
(29:03 / All) TIMG4STRok: quit fat
(29:04 / All) BEAR_AND: yeah noobs vs pros?
(29:21 / All) IgOtWaTcHuNeEd: ur not pro at all
(29:24 / All) IgOtWaTcHuNeEd: u fucking towerd
(29:26 / All) BEAR_AND: sorry
(29:27 / All) BEAR_AND: i am
(29:29 / All) IgOtWaTcHuNeEd: majorly and teched
(29:29 / All) BEAR_AND: look at u
(29:33 / All) BEAR_AND: i destroy u w/ one unit :)
(29:34 / All) IgOtWaTcHuNeEd: AND STILL LOST A BASE
(29:36 / All) IgOtWaTcHuNeEd: u fucking suck
(29:39 / All) BEAR_AND: idk what his prob is
(29:39 / All) TIMG4STRok: huh
(29:42 / All) BEAR_AND: im pro
(29:48 / All) IgOtWaTcHuNeEd: u destroy me with lvl 6 bm with max gear faggot
(29:54 / All) TIMG4STRok: i made like 4 towers, im alzy tonight nigger shit
(30:01 / All) TIMG4STRok: this aint world of nerdcraft
(30:03 / All) TIMG4STRok: Shit balls
(30:37 / All) TIMG4STRok: hHhaahahahHAHAHAHAHAHAHAHAHAHAHAHAHAHAHAHAHAHAHAAH
(30:38 / All) TIMG4STRok: ROFLMGFFDO
(30:41 / All) TIMG4STRok: HOLY NOOB SHIT
(30:50 / All) BEAR_AND: quit now
(30:51 / All) BEAR_AND: bye
(30:52 / All) TIMG4STRok: u lost abase
(30:54 / All) TIMG4STRok: ?
(30:55 / All) BEAR_AND: u suck on my dick
(31:03 / All) IgOtWaTcHuNeEd: learn a new strat faggot niggers
(31:08 / All) IgOtWaTcHuNeEd: dont talk shit when u mass towers and tech
(31:09 / All) BEAR_AND: quit thanks racist
(31:10 / All) IgOtWaTcHuNeEd: its not pro.
(31:18 / All) BEAR_AND: it ownes noobs like you perfectly though?
(31:22 / All) BEAR_AND: what do you call that?
(31:26 / All) BEAR_AND: something tha towns noobs every time?
(31:27 / All) BEAR_AND: pro
(32:37 / All) IgOtWaTcHuNeEd: wow
(32:38 / All) IgOtWaTcHuNeEd: wtf
(32:40 / All) TIMG4STRok: WOW
(32:41 / All) TIMG4STRok: WOW
(32:42 / All) TIMG4STRok: WOW
(32:42 / All) TIMG4STRok: WOW
(32:42 / All) BEAR_AND: DOUBLE KILL
(32:43 / All) TIMG4STRok: WOW
(32:44 / All) TIMG4STRok: WOW
(32:44 / All) TIMG4STRok: wOW
(32:45 / All) TIMG4STRok: wOW
(32:45 / All) TIMG4STRok: WOW
(32:46 / All) TIMG4STRok: wOP
(32:48 / All) TIMG4STRok: WOholy
(32:49 / All) TIMG4STRok: fuck'
(32:57 / All) IgOtWaTcHuNeEd: they lvl 2...
(32:59 / All) TIMG4STRok: i want to quit and that didn't even happen 2 me
(34:45 / All) TIMG4STRok: fat ownage
(35:10 / All) BEAR_AND: peace
(37:04 / All) BEAR_AND: u cannot touch me
(37:09 / All) BEAR_AND: i have 12 armor 43 str
(37:14 / All) GoBackToBadtown: alright mc hammer
(39:17 / All) BEAR_AND: coil again? :)
(39:28 / All) GoBackToBadtown: lalala
(39:30 / All) GoBackToBadtown: im having fun
(39:54 / All) BEAR_AND: my bm immortal sorry
(40:37 / All) GoBackToBadtown: Ill bring the lube next time